 Dungeon Crawl Stone Soup version 0.20.0-10-g0535bb4 (webtiles) character file.

39 grindst0ne the Skirmisher (level 3, 0/25 HPs)
             Began as a Gargoyle Fighter on June 3, 2017.
             Slain by Robin
             ... wielding a +0 trident
              (6 damage)
             ... on level 2 of the Dungeon.
             The game lasted 00:00:58 (909 turns).

grindst0ne the Skirmisher (Gargoyle Fighter)         Turns: 909, Time: 00:00:59

Health: 0/25       AC: 10    Str: 19    XL:     3   Next: 45%
Magic:  3/3        EV:  7    Int:  8    God:
Gold:   41         SH:  9    Dex: 10    Spells: 2/2 levels left

rFire    . . .     SeeInvis .   a - +0 war axe
rCold    . . .     Gourm    .   c - +0 shield
rNeg     + . .     Faith    .   b - +0 scale mail
rPois    ∞         Spirit   .   (no helmet)
rElec    +         Reflect  .   (no cloak)
rCorr    .         Harm     .   (no gloves)
MR       .....                  (no boots)
Stlth    ..........             (no amulet)
Regen    0.1/turn               (no ring)
MPRegen  0.1/turn               (no ring)

@: no status effects
A: negative energy resistance 1, electricity resistance, unbreathing,
petrification resistance, rot immunity, AC +3
a: no special abilities


You were on level 2 of the Dungeon.
You were not hungry.

You visited 1 branch of the dungeon, and saw 2 of its levels.

You collected 41 gold pieces.

Inventory:

Hand Weapons
 a - a +0 war axe (weapon)
Armour
 b - a +0 scale mail (worn)
 c - a +0 shield (worn)
Scrolls
 e - a scroll of enchant weapon {unknown}
 g - a scroll of fear {unknown}
 i - a scroll of identify {unknown}
 n - a scroll of enchant armour {unknown}
 o - a scroll of amnesia {unknown}
 p - a scroll of remove curse {unknown}
Potions
 d - 2 potions of might
 h - a potion of flight {unknown}
 k - a potion of berserk rage {unknown}
 l - a potion of magic {unknown}
Comestibles
 f - a bread ration
 j - 5 chunks of flesh
 m - a royal jelly


   Skills:
 + Level 4.8 Fighting
 - Level 1.7 Axes
 - Level 3.2 Armour
 - Level 3.2 Shields


You had 2 spell levels left.
You didn't know any spells.

Dungeon Overview and Level Annotations

Branches:
Dungeon (2/15)

Altars:
Ashenzari

Annotations:
D:2 Robin


Innate Abilities, Weirdness & Mutations

You are resistant to torment.
Your stone body is resilient. (AC +3)
You are immune to poison.
You resist negative energy. (rN+)
You are resistant to electric shocks. (rElec)
You can survive without breathing.
You are immune to petrification.
You are immune to rotting.


Message History

You are too injured to fight recklessly!
You closely miss the hobgoblin. You hit the goblin but do no damage.
You hit the goblin.
You kill the goblin!
You miss the goblin. You closely miss the goblin.
The goblin hits you but does no damage. The goblin hits you.
The goblin hits you but does no damage. Robin throws the goblin at you!
You block the hobgoblin's attack. The goblin hits you with a dagger.
* * * LOW HITPOINT WARNING * * *
You block the goblin's attack.
You slash the hobgoblin!
You kill the hobgoblin!
You hit the goblin.
You kill the goblin!
You closely miss the goblin. You slash the goblin!
You kill the goblin!
Robin closely misses you. The goblin hits you but does no damage.
The goblin barely misses you.
Robin hits you from afar with a trident.
You die...

#.# ... # .. #. ####.
### /.#⌠..#+##.⌠#
..........#
#####.......#
#.†....).†..# #
+...+...@)g.+
#####.#.#...#..g†)......
......#.##.##.....)?#.##
#######....#..(......# #
###.)#⌠..#+##.⌠# ###
#..####. .## ..#
#.....#. . #.# #.÷...#..
.# #.## #.###.#


You could see Robin and a goblin.

Vanquished Creatures
  A gnoll (D:1)
  A worm (D:2)
  A giant cockroach (D:2)
  4 hobgoblins
  A ball python (D:2)
  3 bats (D:2)
  12 goblins
  2 rats (D:1)
25 creatures vanquished.

Notes
Turn   | Place    | Note
-------+----------+-------------------------------------------
     0 | D:1      | grindst0ne the Gargoyle Fighter began the quest for the Orb.
     0 | D:1      | Reached XP level 1. HP: 14/14 MP: 1/1
   296 | D:1      | Reached skill level 4 in Fighting
   296 | D:1      | Reached XP level 2. HP: 19/20 MP: 2/2
   880 | D:2      | Reached XP level 3. HP: 20/24 MP: 3/3
   894 | D:2      | Found a shattered altar of Ashenzari.
   899 | D:2      | Noticed Robin
   909 | D:2      | Slain by Robin

Skill      XL: |  1 |
---------------+----+-----
Fighting       | 4 |  4.8
Axes           | |  1.7
Armour         | |  3.2
Shields        | |  3.2

Action                   || total
-------------------------++-------
Melee: War axe           ||    50
Armor: Scale mail        ||    39
Dodge: Dodged            ||    22
Block: Shield            ||    29
